| TOP OF THE 1ST |
|
Lehigh Valley IronPigs batting - Pitching for Louisville Bats : RHP Hideki Kobayashi
|
|
Pitching: RHP Hideki Kobayashi
|
|
|
Batting: RHB Mark Schultz
|
0-0: Ball 1-0: Swinging Strike 1-1: Ball 2-1: Foul Ball, location: 2F 2-2: Ball 3-2: Base on Balls
|
|
Batting: RHB Alberto Ramirez
|
0-0: Called Strike 0-1: Ball 1-1: Called Strike 1-2: Fielders Choice at 2nd, 1-4 (Groundball, 15S, EV 72.5 MPH)
|
|
Batting: RHB Carlos Morejon
|
0-0: Ball 1-0: Called Strike 1-1: Ball 2-1: Foul Ball, location: 2F 2-2: Strikes out swinging
|
|
Batting: LHB Josh George
|
0-0: SINGLE (Line Drive, 34, EV 108.1 MPH) Alberto Ramirez to second
|
|
Batting: RHB Victor Arroyo
|
0-0: Called Strike 0-1: Foul Ball, location: 2F 0-2: Ball 1-2: Strikes out looking
|
| Top of the 1st over - 0 runs, 1 hit, 0 errors, 2 left on base; Lehigh Valley 0 - Louisville 0 |
| BOTTOM OF THE 1ST |
|
Louisville Bats batting - Pitching for Lehigh Valley IronPigs : RHP Georgs Felitti
|
|
Pitching: RHP Georgs Felitti
|
|
|
Batting: SHB Paul Sandoval
|
0-0: Bunt missed! 0-1: Foul Ball, location: 2F 0-2: Ball 1-2: Ground out 6-3 (Groundball, P, EV 79.4 MPH)
|
|
Batting: RHB Bruno André
|
0-0: Foul Ball, location: 2F 0-1: Swinging Strike 0-2: Fly out, F7 (Flyball, 7D, EV 98.8 MPH)
|
|
Batting: RHB Fred Slade
|
0-0: Ball 1-0: Ball 2-0: Swinging Strike 2-1: Fly out, F3 (Popup, 3SF, EV 74.4 MPH)
|
| Bottom of the 1st over - 0 runs, 0 hits, 0 errors, 0 left on base; Lehigh Valley 0 - Louisville 0 |
| TOP OF THE 2ND |
|
Lehigh Valley IronPigs batting - Pitching for Louisville Bats : RHP Hideki Kobayashi
|
|
Batting: LHB Jose Carlos
|
0-0: Called Strike 0-1: Ball 1-1: Ball 2-1: Foul Ball, location: 2F 2-2: Strikes out looking
|
|
Batting: SHB Marco de Leon
|
0-0: Ball 1-0: Ball 2-0: Foul Ball, location: 2F 2-1: Swinging Strike 2-2: Ball 3-2: Reaches on Catchers interference
|
|
Batting: RHB Moritake Fukumoto
|
0-0: Grounds into double play, 4-6-3 (Groundball, 34, EV 101.2 MPH)
|
| Top of the 2nd over - 0 runs, 0 hits, 1 error, 0 left on base; Lehigh Valley 0 - Louisville 0 |
| BOTTOM OF THE 2ND |
|
Louisville Bats batting - Pitching for Lehigh Valley IronPigs : RHP Georgs Felitti
|
|
Batting: RHB Mike Alm
|
0-0: Swinging Strike 0-1: Foul Ball, location: 2F 0-2: Ground out 5-3 (Groundball, 56S, EV 82.5 MPH)
|
|
Batting: SHB Freddie Farrar
|
0-0: Ball 1-0: Called Strike 1-1: Called Strike 1-2: Foul Ball, location: 2F 1-2: Ball 2-2: SINGLE (Groundball, 25, EV 70.0 MPH) (infield hit)
|
|
Batting: RHB Won-jun Park
|
0-0: Called Strike 0-1: Foul Ball, location: 2F 0-2: Ball 1-2: Strikes out looking
|
|
Batting: RHB Danny Real
|
0-0: Ball Freddie Farrar steals 2nd base 1-0: Ball 2-0: SINGLE (Line Drive, 9S, EV 89.4 MPH) Freddie Farrar to third
|
|
Batting: RHB Pedro Pinero
|
0-0: Ground out 1-3 (Groundball, 34S, EV 71.9 MPH)
|
| Bottom of the 2nd over - 0 runs, 2 hits, 0 errors, 2 left on base; Lehigh Valley 0 - Louisville 0 |
| TOP OF THE 3RD |
|
Lehigh Valley IronPigs batting - Pitching for Louisville Bats : RHP Hideki Kobayashi
|
|
Batting: RHB Bill Moldenhauer
|
0-0: Foul Ball, location: 2F 0-1: Ball 1-1: Foul Ball, location: 2F 1-2: Ball 2-2: SINGLE (Groundball, 56D, EV 110.6 MPH)
|
|
Batting: RHB Mark Schultz
|
0-0: Called Strike 0-1: Ball 1-1: Foul Ball, location: 2F 1-2: Fly out, F8 (Flyball, 78D, EV 87.5 MPH)
|
|
Batting: RHB Alberto Ramirez
|
0-0: Ball 1-0: Foul Ball, location: 2F 1-1: Ball 2-1: Fly out, F9 (Flyball, 89M, EV 72.5 MPH)
|
|
Batting: RHB Carlos Morejon
|
0-0: Ball 1-0: Ground out 4-3 (Groundball, 4, EV 105.6 MPH)
|
| Top of the 3rd over - 0 runs, 1 hit, 0 errors, 1 left on base; Lehigh Valley 0 - Louisville 0 |
| BOTTOM OF THE 3RD |
|
Louisville Bats batting - Pitching for Lehigh Valley IronPigs : RHP Georgs Felitti
|
|
Batting: RHB Colin Lord
|
0-0: Ground out 4-3 (Groundball, 4, EV 96.9 MPH)
|
|
Batting: SHB Paul Sandoval
|
0-0: Ball 1-0: Ground out 6-3 (Groundball, 56, EV 103.8 MPH)
|
|
Batting: RHB Bruno André
|
0-0: Ball 1-0: Called Strike 1-1: Ground out 5-3 (Groundball, 56, EV 90.6 MPH)
|
| Bottom of the 3rd over - 0 runs, 0 hits, 0 errors, 0 left on base; Lehigh Valley 0 - Louisville 0 |
| TOP OF THE 4TH |
|
Lehigh Valley IronPigs batting - Pitching for Louisville Bats : RHP Hideki Kobayashi
|
|
Batting: LHB Josh George
|
0-0: Called Strike 0-1: Foul Ball, location: 2F 0-2: Fly out, F7 (Flyball, 78S, EV 76.2 MPH)
|
|
Batting: RHB Victor Arroyo
|
0-0: Ball 1-0: Called Strike 1-1: Ball 2-1: Called Strike 2-2: Ball 3-2: Strikes out looking
|
|
Batting: LHB Jose Carlos
|
0-0: Called Strike 0-1: Swinging Strike 0-2: Ball 1-2: Ball 2-2: Ball 3-2: Foul Ball, location: 2F 3-2: Base on Balls
|
|
Batting: SHB Marco de Leon
|
0-0: Ground out 4-3 (Groundball, 34, EV 78.8 MPH)
|
| Top of the 4th over - 0 runs, 0 hits, 0 errors, 1 left on base; Lehigh Valley 0 - Louisville 0 |
| BOTTOM OF THE 4TH |
|
Louisville Bats batting - Pitching for Lehigh Valley IronPigs : RHP Georgs Felitti
|
|
Batting: RHB Fred Slade
|
0-0: DOUBLE (Flyball, 78D, EV 98.8 MPH)
|
|
Batting: RHB Mike Alm
|
0-0: Swinging Strike 0-1: Ball 1-1: Ground out 6-3 (Groundball, 6, EV 98.1 MPH)
|
|
Batting: SHB Freddie Farrar
|
0-0: Ball 1-0: Ball 2-0: Ball 3-0: Base on Balls
|
|
Batting: RHB Won-jun Park
|
0-0: Swinging Strike 0-1: Ball 1-1: Swinging Strike 1-2: Ball 2-2: Ball 3-2: Strikes out swinging
|
|
Batting: RHB Danny Real
|
0-0: Ball 1-0: Ball 2-0: Fly out, F8 (Flyball, 8LD, EV 106.2 MPH)
|
| Bottom of the 4th over - 0 runs, 1 hit, 0 errors, 2 left on base; Lehigh Valley 0 - Louisville 0 |
| TOP OF THE 5TH |
|
Lehigh Valley IronPigs batting - Pitching for Louisville Bats : RHP Hideki Kobayashi
|
|
Batting: RHB Moritake Fukumoto
|
0-0: Ball 1-0: Swinging Strike 1-1: Called Strike 1-2: Ball 2-2: Foul Ball, location: 2F 2-2: Ball 3-2: Strikes out looking
|
|
Batting: RHB Bill Moldenhauer
|
0-0: Ball 1-0: Ball 2-0: Ball 3-0: Called Strike 3-1: Called Strike 3-2: Strikes out swinging
|
|
Batting: RHB Mark Schultz
|
0-0: Called Strike 0-1: Ball 1-1: SINGLE (Line Drive, 34D, EV 93.8 MPH)
|
|
Batting: RHB Alberto Ramirez
|
0-0: Called Strike Mark Schultz steals 2nd base 0-1: Ball 1-1: Ball 2-1: Ground out 4-3 (Groundball, 4, EV 85.6 MPH)
|
| Top of the 5th over - 0 runs, 1 hit, 0 errors, 1 left on base; Lehigh Valley 0 - Louisville 0 |
| BOTTOM OF THE 5TH |
|
Louisville Bats batting - Pitching for Lehigh Valley IronPigs : RHP Georgs Felitti
|
|
Batting: RHB Pedro Pinero
|
0-0: Swinging Strike 0-1: Foul Ball, location: 2F 0-2: Ball 1-2: Strikes out swinging
|
|
Batting: RHB Colin Lord
|
0-0: Called Strike 0-1: Foul Ball, location: 2F 0-2: Foul Ball, location: 2F 0-2: SINGLE (Flyball, 4D, EV 90.6 MPH)
|
|
Batting: SHB Paul Sandoval
|
0-0: Ball 1-0: Foul Ball, location: 2F 1-1: Sac Bunt to P - play at first, batter OUT! 1-3 Colin Lord to second
|
|
Batting: RHB Bruno André
|
0-0: Called Strike 0-1: Swinging Strike 0-2: Foul Ball, location: 2F 0-2: Ball 1-2: SINGLE (Groundball, 34D, EV 103.1 MPH) Colin Lord to third Runner from 3rd tries for Home, SAFE, throw by RF to home Bruno André to second
|
|
Batting: RHB Fred Slade
|
0-0: Ground out 6-3 (Groundball, 6, EV 88.8 MPH)
|
| Bottom of the 5th over - 1 run, 2 hits, 0 errors, 1 left on base; Lehigh Valley 0 - Louisville 1 |
| TOP OF THE 6TH |
|
Lehigh Valley IronPigs batting - Pitching for Louisville Bats : RHP Hideki Kobayashi
|
|
Batting: RHB Carlos Morejon
|
0-0: Ground out 3-1 (Groundball, 34, EV 101.9 MPH)
|
|
Batting: LHB Josh George
|
0-0: Ball 1-0: Called Strike 1-1: Ball 2-1: Ball 3-1: Fly out, F8 (Flyball, 8RD, EV 96.9 MPH)
|
|
Batting: RHB Victor Arroyo
|
0-0: Ball 1-0: Foul Ball, location: 2F 1-1: Foul Ball, location: 2F 1-2: Ball 2-2: Foul Ball, location: 2F 2-2: Foul Ball, location: 2F 2-2: Ball 3-2: SINGLE (Line Drive, 34D, EV 106.9 MPH)
|
|
Batting: LHB Jose Carlos
|
0-0: Called Strike 0-1: Fielders Choice at 2nd, 5-4 (Groundball, 56, EV 86.2 MPH)
|
| Top of the 6th over - 0 runs, 1 hit, 0 errors, 1 left on base; Lehigh Valley 0 - Louisville 1 |
| BOTTOM OF THE 6TH |
|
Louisville Bats batting - Pitching for Lehigh Valley IronPigs : RHP Georgs Felitti
|
|
Batting: RHB Mike Alm
|
0-0: Foul Ball, location: 2F 0-1: Ball 1-1: Foul Ball, location: 2F 1-2: SINGLE (Groundball, 6MD, EV 106.9 MPH)
|
|
Batting: SHB Freddie Farrar
|
0-0: Swinging Strike 0-1: Ball 1-1: Foul Ball, location: 2F 1-2: Strikes out swinging
|
|
Batting: RHB Won-jun Park
|
0-0: Ball 1-0: Foul Ball, location: 2F 1-1: Called Strike 1-2: Strikes out looking Mike Alm is caught stealing 2nd base 2-4 Batter strikes out.
|
| Bottom of the 6th over - 0 runs, 1 hit, 0 errors, 0 left on base; Lehigh Valley 0 - Louisville 1 |
| TOP OF THE 7TH |
|
Lehigh Valley IronPigs batting - Pitching for Louisville Bats : RHP Hideki Kobayashi
|
|
Pitching: RHP Dave Kurtz
|
|
|
Batting: SHB Marco de Leon
|
0-0: Ball 1-0: Swinging Strike 1-1: Called Strike 1-2: Ball 2-2: Ball 3-2: Strikes out looking
|
|
Batting: RHB Moritake Fukumoto
|
0-0: Ground out 5-3 (Groundball, 56, EV 91.2 MPH)
|
|
Batting: RHB Bill Moldenhauer
|
0-0: Called Strike 0-1: Called Strike 0-2: Strikes out swinging
|
| Top of the 7th over - 0 runs, 0 hits, 0 errors, 0 left on base; Lehigh Valley 0 - Louisville 1 |
| BOTTOM OF THE 7TH |
|
Louisville Bats batting - Pitching for Lehigh Valley IronPigs : RHP Georgs Felitti
|
|
Batting: RHB Danny Real
|
0-0: Foul Ball, location: 2F 0-1: Swinging Strike 0-2: Foul Ball, location: 2F 0-2: Ball 1-2: Strikes out swinging
|
|
Pitching: RHP Dustin Greaves
|
|
|
Batting: RHB Pedro Pinero
|
0-0: Ball 1-0: Ground out 5-3 (Groundball, 56, EV 83.8 MPH)
|
|
Batting: RHB Colin Lord
|
0-0: Called Strike 0-1: Ball 1-1: Foul Ball, location: 2F 1-2: Ball 2-2: Foul Ball, location: 2F 2-2: Foul Ball, location: 2F 2-2: Ball 3-2: Base on Balls
|
|
Batting: SHB Paul Sandoval
|
Pickoff Throw to First - Out! 1-3
|
| Bottom of the 7th over - 0 runs, 0 hits, 0 errors, 0 left on base; Lehigh Valley 0 - Louisville 1 |
| TOP OF THE 8TH |
|
Lehigh Valley IronPigs batting - Pitching for Louisville Bats : RHP Dave Kurtz
|
|
Batting: RHB Mark Schultz
|
0-0: Ball 1-0: SINGLE (Groundball, 56D, EV 96.2 MPH)
|
|
Batting: RHB Alberto Ramirez
|
0-0: Ball 1-0: Bunted foul 1-1: Bunted foul 1-2: Grounds into double play, 4-6-3 (Groundball, 4, EV 103.1 MPH)
|
|
Batting: RHB Carlos Morejon
|
0-0: Ball 1-0: Fly out, F8 (Flyball, 8RM, EV 83.8 MPH)
|
| Top of the 8th over - 0 runs, 1 hit, 0 errors, 0 left on base; Lehigh Valley 0 - Louisville 1 |
| BOTTOM OF THE 8TH |
|
Louisville Bats batting - Pitching for Lehigh Valley IronPigs : RHP Dustin Greaves
|
|
Batting: SHB Paul Sandoval
|
0-0: Foul Ball, location: 2F 0-1: Swinging Strike 0-2: Ball 1-2: Ground out 4-3 (Groundball, 4, EV 106.9 MPH)
|
|
Batting: RHB Bruno André
|
0-0: Ball 1-0: Called Strike 1-1: Foul Ball, location: 2F 1-2: Foul Ball, location: 2F 1-2: Fly out, F9 (Flyball, 89M, EV 88.1 MPH)
|
|
Batting: RHB Fred Slade
|
0-0: Ball 1-0: Fly out, F8 (Flyball, 89D, EV 102.5 MPH)
|
| Bottom of the 8th over - 0 runs, 0 hits, 0 errors, 0 left on base; Lehigh Valley 0 - Louisville 1 |
| TOP OF THE 9TH |
|
Lehigh Valley IronPigs batting - Pitching for Louisville Bats : RHP Dave Kurtz
|
|
Pitching: RHP Robbie Delgado
|
|
|
Now in LF: Satoru Handa
|
|
|
Batting: LHB Josh George
|
0-0: Ball 1-0: Ball 2-0: Fly out, F8 (Flyball, 8RD, EV 100.0 MPH)
|
|
Batting: RHB Victor Arroyo
|
0-0: Called Strike 0-1: Ball 1-1: Ground out 6-3 (Groundball, 56S, EV 65.6 MPH)
|
|
Batting: LHB Jose Carlos
|
0-0: Called Strike 0-1: Ball 1-1: Ball 2-1: Foul Ball, location: 2F 2-2: Strikes out looking
|
| Top of the 9th over - 0 runs, 0 hits, 0 errors, 0 left on base; Lehigh Valley 0 - Louisville 1 |
|